 Dungeon Crawl Stone Soup version 0.31-a0-198-g2ad674f65e (webtiles) character file.

Game seed: 14423485931984531041

24 qw the Shooter (level 2, 0/16 HPs)
             Began as a Deep Elf Hunter on June 25, 2023.
             Succumbed to their own poison gas
             ... on level 1 of the Dungeon.
             The game lasted 00:00:19 (924 turns).

qw the Shooter (Deep Elf Hunter)                     Turns: 924, Time: 00:00:20

Health: 0/16       AC:  6    Str:  8    XL:     2   Next: 79%
Magic:  4/4        EV:  8    Int: 13    God:
Gold:   59         SH:  0    Dex: 18    Spells: 1/1 levels left

rFire   . . .        Y - +0 shortbow
rCold   . . .        (shield currently unavailable)
rNeg    . . .        i - +0 scale mail
rPois   .            (no helmet)
rElec   .            (no cloak)
rCorr   .            (no gloves)
SInv    .            (no boots)
Will    .....        (no amulet)
Stlth   +            (no ring)
HPRegen 0.22/turn    (no ring)
MPRegen 0.09/turn

%: no passive effects
@: lethally poisoned (0 -> -19), weak-willed
A: no striking features
a: no special abilities


You were on level 1 of the Dungeon.
You visited 1 branch of the dungeon, and saw 1 of its levels.

You collected 59 gold pieces.


   Skills:
 - Level 1.5 Fighting
 + Level 6.5 Ranged Weapons
 - Level 2.4 Dodging
 - Level 1.2 Stealth


You had one spell level left.
You didn't know any spells.
Your spell library was empty.

Inventory:

Hand Weapons
 Y - a +0 shortbow (weapon)
Armour
 i - a +0 scale mail (worn)
Potions
 d - a potion of enlightenment {unknown}
 f - a potion of attraction {unknown}
 h - a potion of degeneration {unknown}

Dungeon Overview and Level Annotations

Branches:
Dungeon (1/15)

Altars:


Message History

Done exploring.
919 ||| READING scroll labelled UROMAL MIEWK.
The air fills with toxic fumes!
As you read the scroll labelled UROMAL MIEWK, it crumbles to dust.
It was a scroll of poison.
Done exploring.
920 ||| READING scroll labelled VAQIUNE SUAB.
As you read the scroll labelled VAQIUNE SUAB, it crumbles to dust.
It is a scroll of identify.
Really abort (and waste the scroll)?
Done exploring.
921 ||| READING scroll labelled YSENGON BEUR.
As you read the scroll labelled YSENGON BEUR, it crumbles to dust.
The air around you briefly surges with heat, but it dissipates.
It was a scroll of immolation.
Done exploring.
922 ||| DROPPING scroll of butterflies.
You drop a scroll of butterflies.
Done exploring.
(D) Dungeon
Where to? (* - list waypoints, ? - help)
What level of the Dungeon? (default 1, ? - help) Sorry, I don't know how to get there.
Enter note:
Enter note:
Enter note:
Enter note:
Enter note:
Enter note:
Enter note:
Enter note:
Enter note:
Enter note:
Enter note:
Enter note: Really walk into that cloud of poison gas?
You are engulfed in poison gas.
You are lethally poisoned!
You feel very sick.
924 ||| Stepping ~*~*~tactically~*~*~ (cloud).
You die...

########## ###
#¤@¤¤¤¤¤¤# ..#
#¤######¤# #.# #.#
#.# #### #.#####
#.# ####.## #...
......# #.# #.....#
#.## #.###.#######
#.# #.##..# ##.##
#.# #.......# #)#
#.##..#####...# ..#
#.#####.#
#.###.##......)....
### #.#####.#
#........######...#


There were no monsters in sight!

Vanquished Creatures
  A ball python (D:1)
  6 bats (D:1)
  2 giant cockroaches (D:1)
  2 goblins (D:1)
  2 jackals (D:1)
  4 kobolds (D:1)
  A quokka (D:1)
  2 frilled lizards (D:1)
  3 rats (D:1)
23 creatures vanquished.

Notes
Turn   | Place    | Note
-------+----------+-------------------------------------------
     0 | D:1      | qw the Deep Elf Hunter began the quest for the Orb.
     0 | D:1      | Reached XP level 1. HP: 12/12 MP: 3/3
     0 | D:1      | 0 ||| qw: Version: 0.3-a-22-g0ed2b0b
     0 | D:1      | 0 ||| qw: Game counter: 5315
     0 | D:1      | 0 ||| qw: Melee chars always use a shield: true
     0 | D:1      | 0 ||| qw: God list: Okawaru
     0 | D:1      | 0 ||| qw: Allow faded altars: false
     0 | D:1      | 0 ||| qw: Do Orc after clearing Dungeon:15 true
     0 | D:1      | 0 ||| qw: Do second Lair branch before Depths: true
     0 | D:1      | 0 ||| qw: Lair rune preference: random
     0 | D:1      | 0 ||| qw: Goals: Normal
     0 | D:1      | 0 ||| PLANNING D:1-11
   212 | D:1      | Reached XP level 2. HP: 16/16 MP: 4/4
   222 | D:1      | Reached skill level 6 in Ranged Weapons
   555 | D:1      | 555 ||| FLEEEEING.
   685 | D:1      | Found a faded altar of an unknown god.
   907 | D:1      | 907 ||| UPGRADING to +0 scale mail.
   917 | D:1      | 917 ||| DROPPING +0 leather armour.
   918 | D:1      | 918 ||| READING scroll labelled QYEL MAYCZU.
   919 | D:1      | 919 ||| READING scroll labelled UROMAL MIEWK.
   920 | D:1      | 920 ||| READING scroll labelled VAQIUNE SUAB.
   921 | D:1      | 921 ||| READING scroll labelled YSENGON BEUR.
   922 | D:1      | 922 ||| DROPPING scroll of butterflies.
   923 | D:1      | HP: 4/16 [poisoned by you (poison gas)]
   924 | D:1      | 924 ||| Stepping ~*~*~tactically~*~*~ (cloud).
   924 | D:1      | Succumbed to their own poison gas

Levels and vault maps discovered:
D:1:      zaba_arrival_water, layout_loops_corners,
          dreamdust_ecumenical_altar_statues, dreamdust_princess_corridor

Skill      XL: |  1  2 |
---------------+-------+-----
Ranged Weapons | 6 |  6.5
Fighting       | |  1.5
Dodging        | |  2.4
Stealth        | |  1.2

Action                     || total
---------------------------++-------
   Fire: Shortbow          ||    64
    Use: Scroll            ||     4
 Armour: Leather armour    ||    11
  Dodge: Dodged            ||    21

Table legend:
 A = Non-vault XP
 B = Vault XP
 C = Vault XP percentage of total XP
 D = Non-vault monster count
 E = Vault monster count
 F = Vault count percentage of total count
                 A         B        C        D         E       F
            +---------+---------+-------+---------+---------+-------
      Total |      35 |       0 |   0.0 |      23 |       0 |   0.0
            +---------+---------+-------+---------+---------+-------
        D:1 |      35 |       0 |   0.0 |      23 |       0 |   0.0
            +---------+---------+-------+---------+---------+-------
